 Dungeon Crawl Stone Soup version 0.26.1-2-gb8aa6d0cf2 (webtiles) character file.

Game seed: 6803097661103980717

10556 Gadfly the Fighter (level 11, 0/89 HPs)
             Began as a Gnoll Wanderer on Feb 25, 2021.
             Was a Priest of Okawaru.
             Slain by Alvadar's ghost (3 damage)
             ... on level 8 of the Dungeon.
             The game lasted 00:23:25 (13839 turns).

Gadfly the Fighter (Gnoll Wanderer)                Turns: 13839, Time: 00:23:25

Health: 0/89       AC: 20    Str: 21    XL:     11   Next: 64%
Magic:  20/20      EV:  9    Int: 15    God:    Okawaru [***...]
Gold:   223        SH:  5    Dex: 14    Spells: 23/23 levels left

rFire    + . .     SeeInvis .   a - +1 flail (drain)
rCold    . . .     Faith    .   (no shield)
rNeg     . . .     Spirit   .   x - +0 plate armour
rPois    .         Reflect  +   q - +0 helmet
rElec    .         Harm     .   f - +2 cloak
rCorr    +         Rampage  .   K - +0 pair of gloves {Str+3}
Will     .....                  i - +0 pair of boots
Stlth    ..........             G - amulet of reflection
HPRegen  0.24/turn              w - ring of protection from fire
MPRegen  0.17/turn              D - ring of resist corrosion

@: berserk cooldown, slowed, very slow
A: distributed training, fangs 1, strong nose
a: Renounce Religion, Heroism


You were on level 8 of the Dungeon.
You worshipped Okawaru.
Okawaru was most pleased with you.
You visited 2 branches of the dungeon, and saw 11 of its levels.
You also visited: Bailey.

You collected 547 gold pieces.
You spent 324 gold pieces at shops.

Inventory:

Hand Weapons
 a - a +1 flail of draining (weapon)
 b - a +1 flail of protection
 j - a +1 whip of flaming
 s - a +0 dire flail
 I - a +1 scimitar of flaming
Missiles
 g - 2 throwing nets (quivered)
Armour
 f - a +2 cloak (worn)
 i - a +0 pair of boots (worn)
 q - a +0 helmet (worn)
 v - a +2 robe of the Archmagi
 x - a +0 plate armour (worn)
 H - a +0 chain mail of fire resistance
 J - a +0 chain mail of cold resistance
 K - a +0 pair of gloves of strength (worn)
 N - a +1 pair of boots of stealth
Jewellery
 w - a ring of protection from fire (left hand)
 D - a ring of resist corrosion (right hand)
 G - an amulet of reflection (around neck)
Wands
 l - a wand of iceblast (3)
 r - a wand of disintegration (4)
 y - a wand of digging (5)
Scrolls
 d - 5 scrolls of teleportation
 m - 2 scrolls of enchant armour
 n - a scroll of fear
 o - 3 scrolls of remove curse
 p - 3 scrolls of amnesia
 t - a scroll of enchant weapon
 z - a scroll of brand weapon
 A - a scroll of summoning
 E - 3 scrolls of vulnerability
 F - 5 scrolls of identify
Potions
 c - 4 potions of curing
 e - a potion of lignification
 h - 2 potions of haste
 k - 4 potions of flight
 u - a potion of heal wounds
 B - a potion of ambrosia
 C - a potion of resistance
 L - a potion of magic
Miscellaneous
 M - a phial of floods


   Skills:
 + Level 9.3 Fighting
 + Level 6.5 Short Blades
 + Level 6.5 Long Blades
 + Level 8.0 Axes
 + Level 8.0 Maces & Flails
 + Level 6.5 Polearms
 + Level 6.5 Staves
 + Level 6.5 Slings
 + Level 6.5 Bows
 + Level 6.5 Crossbows
 + Level 6.5 Throwing
 + Level 7.0 Armour
 + Level 6.5 Dodging
 + Level 7.8 Stealth
 + Level 6.5 Shields
 + Level 6.5 Unarmed Combat
 + Level 6.5 Spellcasting
 + Level 5.3 Conjurations
 + Level 5.3 Hexes
 + Level 5.3 Summonings
 + Level 5.3 Necromancy
 + Level 5.3 Translocations
 + Level 5.3 Transmutations
 + Level 5.3 Fire Magic
 + Level 5.3 Ice Magic
 + Level 5.3 Air Magic
 + Level 5.3 Earth Magic
 + Level 5.3 Poison Magic
 + Level 7.1 Invocations
 + Level 6.5 Evocations


You had 23 spell levels left.
You didn't know any spells.
Your spell library contained the following spells:

 Spells                   Type           Power        Failure   Level
 Corona                   Hex            23%          28%         1
 Foxfire                  Conj/Fire      84%          28%         1
 Ensorcelled Hibernation  Hex/Ice        42%          41%         2
 Confusing Touch          Hex            21%          65%         3
 Conjure Flame            Conj/Fire      21%          65%         3
 Dazzling Flash           Conj/Hex       42%          65%         3
 Inner Flame              Hex/Fire       21%          65%         3
 Tukima's Dance           Hex            21%          65%         3
 Cause Fear               Hex            10%          96%         4
 Sticky Flame             Conj/Fire      21%          96%         4
 Fireball                 Conj/Fire      10%          100%        5
 Silence                  Hex/Air        10%          100%        5
 Yara's Violent Unravell  Hex/Tmut       10%          100%        5
 Discord                  Hex            10%          100%        8


Dungeon Overview and Level Annotations

Branches:
Dungeon (10/15)            Temple (1/1) D:7          Bailey (visited)
   Lair: D:8-11         Orc: D:9-12

Altars:
Ashenzari
Elyvilon
Fedhas
Gozag
Hepliaklqana
Okawaru
Qazlal
Trog
Uskayaw
Yredelemnul
Zin
The Shining One

Shops:
D:5 ?(   D:9 }

Annotations:
D:8 1 transporter, Alvadar's ghost, novice DECj
D:10 1 transporter


Innate Abilities, Weirdness & Mutations

Your experience applies equally to all skills.
You have very sharp teeth.
Your uncanny sense of smell can sniff out nearby items.


Message History

The yak gores you!
* * * LOW HITPOINT WARNING * * *
You bludgeon the bullfrog!!
You kill the bullfrog!
Okawaru accepts your kill. The yak barely misses you.
Alvadar's ghost hits you but does no damage.
Unknown command.
The yak closely misses you.
Alvadar's ghost says, "I am smarter than you!"
You block Alvadar's ghost's attack.
You feel a strong urge to attack something.
You are no longer berserk.
You are exhausted.
You feel yourself slow down.
You see here a bullfrog corpse.
The yak barely misses you. Alvadar's ghost hits you.
* * * LOW HITPOINT WARNING * * *
You writhe in agony.
You die...

#.#...#.#........#######.#
#.......#.[...............
###...#.#.......########.#
##.##.......#.# #####.#
####.##.###..<#.# #......
###.............#.# #.##...
##...####.©.####...####.#....
###..###..#####W.##....##......
#...##..#..([$@YF.#..#.##..<...
#.#.#....###...##.##.#.##[>....
#.#.##.#.....#.....#.#..#.#[...
#.#..#©..#..©..##..#.##.#.##...
#.##.#..##..#......#.##.#(#...#
##.#..#....#...#..)##.#.........
##.#...##......#....#....#.##...#
..###...##.###..#####..#...###.##
##.#.##..###©####......##.####.#


You could see a yak (berserk), a bullfrog and Alvadar's ghost.

Vanquished Creatures
  Harold (D:7)
  A two-headed ogre (D:8)
  Pikel (D:4)
  The ghost of abrahamlauer the Basher, a novice MiBe of Trog (D:6)
  2 orc knights (Bailey)
  A moth of wrath (D:8)
  Maggie (D:9)
  A troll (D:10)
  Sigmund (D:4)
  9 yaks (D:9)
  A steam dragon (D:9)
  Edmund (D:5)
  2 water moccasins
  Duvessa (D:7)
  10 orc warriors
  3 phantoms
  6 ice beasts
  2 sky beasts
  An ogre (D:6)
  5 centaurs
  6 bullfrogs
  A water moccasin zombie (D:5)
  A water moccasin skeleton (D:9)
  A wyvern skeleton (D:9)
  Dowan (D:7)
  3 scorpions
  4 howler monkeys
  3 wights (D:9)
  2 bullfrog zombies
  A bullfrog skeleton (D:5)
  A centaur skeleton (D:5)
  4 hounds
  6 orc priests
  Jessica (D:3)
  Natasha (thrice) (D:4)
  2 iguanas (D:9)
  4 orc wizards
  Ijyb (D:3)
  6 worker ants
  A hound skeleton (D:8)
  A worker ant zombie (D:6)
  Robin (D:3)
  7 gnolls
  7 adders
  2 white imps
  An ufetubus (D:5)
  4 worms
  15 dart slugs
  5 leopard geckos
  33 orcs
  9 giant cockroaches
  17 goblins
  11 hobgoblins
  8 jackals
  22 kobolds
  5 quokkas
  2 ball pythons
  16 bats
  7 frilled lizards
  A giant cockroach zombie (D:5)
  A quokka skeleton (D:7)
  10 rats
  A bush (D:7)
289 creatures vanquished.

Vanquished Creatures (others)
  7 fungi (D:8)
  A plant (D:8)
8 creatures vanquished.

Grand Total: 297 creatures vanquished

Notes
Turn   | Place    | Note
-------+----------+-------------------------------------------
     0 | D:1      | Gadfly the Gnoll Wanderer began the quest for the Orb.
     0 | D:1      | Gadfly set off with the following items: a +2 mace, a +0
                  | ring mail, a potion of curing, a +0 dagger
     0 | D:1      | Reached XP level 1. HP: 23/23 MP: 1/1
   125 | D:1      | Reached XP level 2. HP: 21/29 MP: 2/2
   442 | D:1      | Reached XP level 3. HP: 32/35 MP: 3/3
   934 | D:2      | Reached skill level 1 in Invocations
  1094 | D:2      | Reached skill level 1 in Short Blades
  1094 | D:2      | Reached skill level 1 in Long Blades
  1094 | D:2      | Reached skill level 1 in Polearms
  1094 | D:2      | Reached skill level 1 in Staves
  1094 | D:2      | Reached skill level 1 in Slings
  1094 | D:2      | Reached skill level 1 in Bows
  1094 | D:2      | Reached skill level 1 in Crossbows
  1094 | D:2      | Reached skill level 1 in Throwing
  1094 | D:2      | Reached skill level 1 in Dodging
  1094 | D:2      | Reached skill level 1 in Shields
  1094 | D:2      | Reached skill level 1 in Unarmed Combat
  1094 | D:2      | Reached skill level 1 in Spellcasting
  1094 | D:2      | Reached skill level 1 in Evocations
  1195 | D:2      | Reached XP level 4. HP: 41/41 MP: 5/5
  1441 | D:2      | Found a broken altar of Ashenzari.
  2033 | D:3      | Reached skill level 1 in Conjurations
  2033 | D:3      | Reached skill level 1 in Hexes
  2033 | D:3      | Reached skill level 1 in Summonings
  2033 | D:3      | Reached skill level 1 in Necromancy
  2033 | D:3      | Reached skill level 1 in Translocations
  2033 | D:3      | Reached skill level 1 in Transmutations
  2033 | D:3      | Reached skill level 1 in Fire Magic
  2033 | D:3      | Reached skill level 1 in Ice Magic
  2033 | D:3      | Reached skill level 1 in Air Magic
  2033 | D:3      | Reached skill level 1 in Earth Magic
  2033 | D:3      | Reached skill level 1 in Poison Magic
  2042 | D:3      | Noticed Ijyb
  2341 | D:3      | Killed Ijyb
  2402 | D:3      | Reached XP level 5. HP: 47/47 MP: 6/6
  2935 | D:3      | Noticed Robin
  3497 | D:3      | Killed Robin
  3768 | D:3      | Noticed Jessica
  3772 | D:3      | Killed Jessica
  3955 | D:4      | Reached XP level 6. HP: 33/53 MP: 8/8
  4126 | D:4      | Noticed Pikel
  4143 | D:4      | Killed Pikel
  4144 | D:4      | Reached skill level 7 in Fighting
  4144 | D:4      | Reached skill level 5 in Axes
  4144 | D:4      | Reached skill level 5 in Maces & Flails
  4144 | D:4      | Reached skill level 5 in Stealth
  4144 | D:4      | Reached XP level 7. HP: 40/60 MP: 8/11
  4454 | D:4      | Found a stormy altar of Qazlal.
  4535 | D:4      | Reached XP level 8. HP: 62/67 MP: 12/12
  4681 | D:4      | Noticed Natasha
  4687 | D:4      | Killed Natasha
  4746 | D:4      | Found a hide-covered altar of Uskayaw.
  4746 | D:4      | Noticed Sigmund
  4773 | D:4      | Killed Sigmund
  5494 | D:4      | Noticed Natasha
  5502 | D:4      | Killed Natasha
  5804 | D:4      | Noticed Natasha
  5809 | D:4      | Killed Natasha
  5831 | D:5      | Entered Level 5 of the Dungeon
  5887 | D:5      | Noticed Edmund
  5898 | D:5      | Killed Edmund
  6611 | D:5      | Found Uleet's Antique Weapon Emporium.
  6616 | D:5      | Found Ziluimuxu's Magic Scroll Shop.
  6624 | D:5      | Bought a scroll of brand weapon for 220 gold pieces
  6624 | D:5      | Bought a scroll of summoning for 104 gold pieces
  6641 | D:5      | Reached XP level 9. HP: 72/72 MP: 14/14
  7029 | D:6      | Found a hazy altar of Hepliaklqana.
  7029 | D:6      | Found a bloodstained altar of Trog.
  7183 | D:6      | Found a runed translucent door.
  7185 | D:6      | Noticed abrahamlauer's ghost (novice MiBe)
  7235 | D:6      | Killed abrahamlauer's ghost
  7236 | D:6      | Reached skill level 5 in Armour
  7583 | D:6      | Found a transporter.
  7694 | D:6      | Found a transporter.
  7787 | D:7      | Reached skill level 8 in Fighting
  7979 | D:7      | Noticed Harold
  7997 | D:7      | Killed Harold
  7998 | D:7      | Reached skill level 5 in Invocations
  7998 | D:7      | Reached XP level 10. HP: 60/80 MP: 10/17
  8410 | D:6      | Reached skill level 5 in Short Blades
  8410 | D:6      | Reached skill level 5 in Long Blades
  8410 | D:6      | Reached skill level 5 in Polearms
  8410 | D:6      | Reached skill level 5 in Staves
  8410 | D:6      | Reached skill level 5 in Slings
  8410 | D:6      | Reached skill level 5 in Bows
  8410 | D:6      | Reached skill level 5 in Crossbows
  8410 | D:6      | Reached skill level 5 in Throwing
  8410 | D:6      | Reached skill level 5 in Dodging
  8410 | D:6      | Reached skill level 5 in Shields
  8410 | D:6      | Reached skill level 5 in Unarmed Combat
  8410 | D:6      | Reached skill level 5 in Spellcasting
  8410 | D:6      | Reached skill level 5 in Evocations
  8812 | D:7      | Found a staircase to the Ecumenical Temple.
  8878 | Temple   | Entered the Ecumenical Temple
  8886 | Temple   | Became a worshipper of Warmaster Okawaru
  9066 | D:7      | Noticed Dowan
  9067 | D:7      | Noticed Duvessa
  9074 | D:7      | Killed Dowan
  9087 | D:7      | Killed Duvessa
  9457 | D:8      | Found a transporter.
  9479 | D:8      | Noticed Alvadar's ghost (novice DECj)
  9480 | D:8      | Noticed a moth of wrath
  9481 | D:8      | Noticed a two-headed ogre
  9492 | D:8      | Killed a two-headed ogre
  9690 | D:8      | Found a transporter.
  9852 | D:8      | Found a blossoming altar of Fedhas.
 10433 | D:9      | Reached * piety under Okawaru
 11303 | D:9      | Reached ** piety under Okawaru
 11304 | D:9      | Reached XP level 11. HP: 80/87 MP: 19/19
 11435 | D:9      | Reached skill level 9 in Fighting
 11448 | D:9      | Noticed Maggie
 11451 | D:9      | Found Zeor's Gadget Boutique.
 11454 | D:9      | Killed Maggie
 11455 | D:9      | Reached skill level 5 in Conjurations
 11455 | D:9      | Reached skill level 5 in Hexes
 11455 | D:9      | Reached skill level 5 in Summonings
 11455 | D:9      | Reached skill level 5 in Necromancy
 11455 | D:9      | Reached skill level 5 in Translocations
 11455 | D:9      | Reached skill level 5 in Transmutations
 11455 | D:9      | Reached skill level 5 in Fire Magic
 11455 | D:9      | Reached skill level 5 in Ice Magic
 11455 | D:9      | Reached skill level 5 in Air Magic
 11455 | D:9      | Reached skill level 5 in Earth Magic
 11455 | D:9      | Reached skill level 5 in Poison Magic
 11680 | D:9      | Reached *** piety under Okawaru
 11939 | D:9      | Found a basalt altar of Yredelemnul.
 12102 | D:10     | Entered Level 10 of the Dungeon
 12257 | D:10     | Found a flagged portal.
 12267 | Bailey   | Entered a bailey
 12374 | Bailey   | Noticed an orc knight
 12392 | Bailey   | Noticed an orc knight
 12613 | Bailey   | Killed an orc knight
 12830 | Bailey   | Killed an orc knight
 13537 | D:10     | Found a transporter.
 13541 | D:10     | Noticed an orc sorcerer
 13542 | D:10     | Noticed an ogre mage
 13544 | D:10     | Noticed a two-headed ogre
 13832 | D:8      | Killed a moth of wrath
 13839 | D:8      | HP: 3/89 [Alvadar's ghost (4)]
 13839 | D:8      | Slain by Alvadar's ghost

Illustrated notes

Levels and vault maps discovered:
D:1:      psy_arrival_statuary, layout_rooms
D:2:      wander_river, layout_basic, nicolae_overflow_crystal_walls
D:3:      layout_loops_cross, minmay_starry_boxes, uniq_ijyb, uniq_robin,
          uniq_jessica
D:4:      kennysheep_slugbush, layout_basic, kennysheep_mini_moat,
          lemuel_coloured_pillars_altar, uniq_sigmund, uniq_pikel, uniq_natasha
D:5:      layout_cave_pools, serial_shops, nicolae_shop_statue_plus, shop,
          uniq_edmund
D:6:      gammafunk_cloud_chamber, layout_basic,
          gammafunk_temple_overflow_pools, ebering_ghost_sewer_d,
          minmay_crystal_water
D:7:      layout_basic, temple_doors_ab, kb_lookout_dungeons_type, uniq_duvessa,
          uniq_harold
D:8:      layout_loops_ring, gammafunk_ghost_berserking_beasts, fedhas_altar_3
D:9:      wad_crossroads, layout_rooms, lemuel_crystal_altar, serial_shops,
          shop, uniq_maggie
D:10:     gammafunk_beogh_shrine, layout_small_grid, enter_bailey_2,
          kennysheep_potato
Temple:   compressed_dpeg_circular_temple

Skill      XL: |  1  2  3  4  5  6  7  8  9 10 11 |
---------------+----------------------------------+-----
Invocations    | 1 2 3 4 5 6 7 |  7.1
Short Blades   | 1 2 3 4 5 6 |  6.5
Long Blades    | 1 2 3 4 5 6 |  6.5
Polearms       | 1 2 3 4 5 6 |  6.5
Staves         | 1 2 3 4 5 6 |  6.5
Slings         | 1 2 3 4 5 6 |  6.5
Bows           | 1 2 3 4 5 6 |  6.5
Crossbows      | 1 2 3 4 5 6 |  6.5
Throwing       | 1 2 3 4 5 6 |  6.5
Dodging        | 1 2 3 4 5 6 |  6.5
Shields        | 1 2 3 4 5 6 |  6.5
Unarmed Combat | 1 2 3 4 5 6 |  6.5
Spellcasting   | 1 2 3 4 5 6 |  6.5
Evocations     | 1 2 3 4 5 6 |  6.5
Conjurations   | 1 2 3 4 5 |  5.3
Hexes          | 1 2 3 4 5 |  5.3
Summonings     | 1 2 3 4 5 |  5.3
Necromancy     | 1 2 3 4 5 |  5.3
Translocations | 1 2 3 4 5 |  5.3
Transmutations | 1 2 3 4 5 |  5.3
Fire Magic     | 1 2 3 4 5 |  5.3
Ice Magic      | 1 2 3 4 5 |  5.3
Air Magic      | 1 2 3 4 5 |  5.3
Earth Magic    | 1 2 3 4 5 |  5.3
Poison Magic   | 1 2 3 4 5 |  5.3
Armour         | 3 4 5 6 7 |  7.0
Fighting       | 7 8 9 |  9.3
Axes           | 5 6 7 8 |  8.0
Maces & Flails | 5 6 7 8 |  8.0
Stealth        | 5 6 7 |  7.8

Action                   |  1- 3 |  4- 6 |  7- 9 | 10-12 || total
-------------------------+-------+-------+-------+-------++-------
Melee: Mace              |    95 |   211 |    61 |       ||   367
       Bite              |     7 |    14 |    20 |    82 ||   123
       Punch             |       |     1 |     2 |    14 ||    17
       Whip              |       |       |     2 |       ||     2
       Scythe            |       |       |    96 |       ||    96
       Flail             |       |       |    80 |   603 ||   683
Throw: Boomerang         |       |       |       |     7 ||     7
Invok: Heroism           |       |       |       |     1 ||     1
Evoke: Wand              |       |       |     3 |     4 ||     7
  Use: Scroll            |     7 |     4 |     1 |     4 ||    16
       Potion            |       |     2 |     8 |     3 ||    13
 Stab: Distracted        |       |     1 |       |       ||     1
       Sleeping          |       |     1 |       |       ||     1
Armor: Ring mail         |     8 |       |       |       ||     8
       Scale mail        |    60 |    92 |       |       ||   152
       Chain mail        |       |    36 |    89 |       ||   125
       Skin              |       |       |    19 |       ||    19
       Plate armour      |       |       |    91 |   379 ||   470
Dodge: Dodged            |    51 |   121 |    99 |   235 ||   506
Block: Other             |       |       |       |   119 ||   119
       Reflection        |       |       |       |    13 ||    13
